 Dungeon Sprint DCSS version 0.22-a0-362-g535178c (webtiles) character file.

628 erloom the Fighter (level 7, -12/77 HPs)
             Began as a Minotaur Berserker on Apr 20, 2018.
             Was a Priest of Trog.
             Mangled by Sonja
             ... wielding a +1 dagger of distortion
              (13 damage)
             ... in the Dungeon (Sprint I: "Red Sonja").
             The game lasted 00:01:34 (332 turns).

erloom the Fighter (Minotaur Berserker)              Turns: 332, Time: 00:01:36

Health: -12/77     AC: 10    Str: 24    XL:     7   Next: 23%
Magic:  6/6        EV: 13    Int:  4    God:    Trog [***...]
Gold:   435        SH:  0    Dex:  9    Spells: 6/6 levels left

rFire    . . .     SeeInvis .   a - +0 hand axe
rCold    . . .     Gourm    .   (no shield)
rNeg     . . .     Faith    .   l - +4 ring mail {MR+}
rPois    .         Spirit   .   (helmet restricted)
rElec    .         Reflect  .   (no cloak)
rCorr    .         Harm     .   (no gloves)
MR       +....     NoTele   +   (no boots)
Stlth    ..........             (no amulet)
HPRegen  0.22/turn              (no ring)
MPRegen  0.10/turn              (no ring)

@: lethally poisoned (-12 -> -49), berserk cooldown, slowed, very slow
A: retaliatory headbutt, horns 2
a: Berserk, Trog's Hand, Renounce Religion


You were in the Dungeon.
You worshipped Trog.
Trog was most pleased with you.
You were near starving.

You visited 1 branch You collected 435 gold pieces.

Inventory:

Hand Weapons
 a - a +0 hand axe (weapon)
Armour
 b - a +0 animal skin
 l - a +4 ring mail of magic resistance (worn)
Wands
 j - a wand of digging (16)
Scrolls
 i - a scroll of blinking
Potions
 d - 2 potions of curing
 e - a potion of heal wounds
 f - a potion of haste
 g - 2 potions of magic
 h - a potion of berserk rage
Comestibles
 c - a ration


   Skills:
 + Level 12.2 Fighting
 + Level 12.2 Axes
 + Level 6.1 Armour
 + Level 5.6 Dodging


You had 6 spell levels left.
You didn't know any spells.

Dungeon Overview and Level Annotations

Branches:
Dungeon (1/1)

Altars:
Cheibriados
Dithmenos
Elyvilon
Fedhas
Gozag
Hepliaklqana
Kikubaaqudgha
Makhleb
Nemelex Xobeh
Okawaru
Qazlal
Ru
Sif Muna
Trog
Uskayaw
Vehumet
Wu Jian
Xom
Yredelemnul
Zin
The Shining One
Jiyva
Lugonu

Shops:
D :

Annotations:
D Sonja


Innate Abilities, Weirdness & Mutations

You reflexively headbutt those who attack you in melee.
You have a pair of horns on your head.


Message History

You feel as though you will be slow longer.
You are no longer berserk.
You are exhausted.
You feel as though you will be slow longer.
* * * LOW HITPOINT WARNING * * *
You feel sick.
Sonja shoots a curare-tipped needle.
The curare-tipped needle hits you.
You are more poisoned.
You have difficulty breathing.
* * * LOW HITPOINT WARNING * * *
You feel as though you will be slow longer.
There is an open door here.
You see here 2 curare-tipped needles.
* * * LOW HITPOINT WARNING * * *
You feel very sick.
Sonja unwields an uncursed enchanted blowgun.
Sonja wields an uncursed dagger of distortion.
Its appearance distorts for a moment.
Sonja misses you. Sonja hits you but does no damage.
Space warps horribly around you!
You die...

######################
#<.#..)..#..'..#__#..+
#..').#..').#..'..'..#
#..#####'#####'#__####
#..####..#...#.####
#..#__####..##.#
#..#_____##'#_.+
#⌠⌠#_.∩...K..._#
####_..__##@(#'#
#_____###(#.# #######
#(### +$.$+ #$.$#
##.## #+#


You could see Sonja.

Vanquished Creatures
  A slime creature (D)
  Sigmund (D)
  A yak (D)
  An ogre (D)
  A jelly (D)
  Ijyb (D)
6 creatures vanquished.

Vanquished Creatures (others)
  A gargoyle (D)
1 creature vanquished.

Grand Total: 7 creatures vanquished

Notes
Turn   | Place    | Note
-------+----------+-------------------------------------------
     0 | D        | erloom the Minotaur Berserker began the quest for the Orb.
     0 | D        | Reached XP level 1. HP: 19/19 MP: 0/0
     1 | D        | Noticed Ijyb
    10 | D        | Killed Ijyb
    10 | D        | Reached XP level 2. HP: 30/30 MP: 1/1
    64 | D        | Noticed an ogre
    71 | D        | Killed an ogre
    71 | D        | Reached XP level 3. HP: 36/41 MP: 2/2
    71 | D        | Reached XP level 4. HP: 43/49 MP: 3/3
    91 | D        | Killed a gargoyle
   190 | D        | Noticed Sigmund
   198 | D        | Killed Sigmund
   198 | D        | Reached ** piety under Trog
   198 | D        | Reached XP level 5. HP: 60/60 MP: 4/4
   198 | D        | Reached XP level 6. HP: 68/68 MP: 5/5
   252 | D        | Found a burning altar of Makhleb.
   252 | D        | Found a viscous altar of Jiyva.
   252 | D        | Found a shimmering altar of Xom.
   252 | D        | Found a corrupted altar of Lugonu.
   252 | D        | Noticed a slime creature
   256 | D        | Killed a slime creature
   256 | D        | Reached skill level 5 in Armour
   275 | D        | Found an ornate altar of the Wu Jian Council.
   275 | D        | Found a deep blue altar of Sif Muna.
   279 | D        | Found a radiant altar of Vehumet.
   307 | D        | Found Qemainea's Book Emporium.
   307 | D        | Found an ancient bone altar of Kikubaaqudgha.
   307 | D        | Found a hazy altar of Hepliaklqana.
   307 | D        | Found a stormy altar of Qazlal.
   307 | D        | Found a hide-covered altar of Uskayaw.
   307 | D        | Found a blossoming altar of Fedhas.
   307 | D        | Found a bloodstained altar of Trog.
   307 | D        | Found an iron altar of Okawaru.
   307 | D        | Found a basalt altar of Yredelemnul.
   307 | D        | Found a glowing golden altar of the Shining One.
   307 | D        | Found a snail-covered altar of Cheibriados.
   307 | D        | Found a sacrificial altar of Ru.
   307 | D        | Found a glowing silver altar of Zin.
   307 | D        | Found a shadowy altar of Dithmenos.
   307 | D        | Found a white marble altar of Elyvilon.
   307 | D        | Noticed a yak
   313 | D        | Killed a yak
   313 | D        | Reached *** piety under Trog
   313 | D        | Reached skill level 5 in Dodging
   313 | D        | Reached XP level 7. HP: 52/77 MP: 6/6
   314 | D        | Found an opulent altar of Gozag.
   315 | D        | Found a sparkling altar of Nemelex Xobeh.
   325 | D        | Noticed Sonja
   332 | D        | HP: 1/77 [poisoned by Sonja (curare-tipped needle)]
   332 | D        | Mangled by Sonja

Vault maps used:
D:        dungeon_sprint_1

Skill      XL: |  1  2  3  4  5  6 |
---------------+-------------------+-----
Fighting       | 6 8 11 12 | 12.2
Axes           | 6 8 11 12 | 12.2
Armour         | 6 |  6.1
Dodging        | 5 |  5.6

Action                   |  1- 3 |  4- 6 |  7- 9 || total
-------------------------+-------+-------+-------++-------
Melee: Hand axe          |    13 |    16 |     1 ||    30
       Headbutt          |     4 |     6 |       ||    10
Invok: Berserk           |     2 |     2 |     1 ||     5
  Eat: Chunk             |       |     1 |       ||     1
Armor: Animal skin       |     1 |       |       ||     1
       Ring mail         |       |     3 |     2 ||     5
Dodge: Dodged            |     4 |     2 |     3 ||     9

Table legend:
 A = Spawn XP
 B = Non-spawn XP
 C = Spawn XP percentage of total XP
 D = Spawn monster count
 E = Non-spawn monster count
 F = Spawn count percentage of total count
 G = Total turns spent on level
                    A         B        C        D         E        F      G
               +---------+---------+-------+---------+---------+-------+---------
         Total |       0 |     898 |   0.0 |       0 |       6 |   0.0 |   332
               +---------+---------+-------+---------+---------+-------+---------
             D |       0 |     898 |   0.0 |       0 |       6 |   0.0 |   332
               +---------+---------+-------+---------+---------+-------+---------
